 Dungeon Crawl Stone Soup version 0.25.0-11-g1f837a76a1 (webtiles) character file.

Game seed: 5047302662506209134

1292 grindst0ne the Skirmisher (level 8, -1/67 HPs)
             Began as a Human Chaos Knight on June 27, 2020.
             Was a Plaything of Xom.
             Slain by a killer bee (8 damage)
             ... on level 5 of the Dungeon.
             The game lasted 00:07:49 (4652 turns).

grindst0ne the Skirmisher (Human Chaos Knight)      Turns: 4652, Time: 00:07:49

Health: -1/67      AC: -5    Str: 13    XL:     8   Next: 86%
Magic:  8/8        EV: 11    Int: 13    God:    Xom [..*...]
Gold:   36         SH:  0    Dex: 12    Spells: 7/7 levels left

rFire    . . .     SeeInvis .   a - +0 hand axe (chaos)
rCold    . . .     Gourm    .   (no shield)
rNeg     . . .     Faith    .   b - +2 leather armour
rPois    .         Spirit   .   (helmet restricted)
rElec    .         Reflect  .   y - scarf {repulsion}
rCorr    .         Harm     .   z - +0 pair of gloves
MR       .....                  (no boots)
Stlth    +.........             o - amulet of the acrobat
HPRegen  0.21/turn              (no ring)
MPRegen  0.11/turn              (no ring)

@: corroded, repel missiles
A: antennae 1, iridescent scales 1, blurry vision 1, deformed body, weak 1
a: Renounce Religion


You were on level 5 of the Dungeon.
You worshipped Xom.
You were a toy of Xom.
You were very hungry.

You visited 1 branch of the dungeon, and saw 5 of its levels.

You collected 298 gold pieces.
You spent 262 gold pieces at shops.

Inventory:

Hand Weapons
 a - a +0 hand axe of chaos (weapon)
Missiles
 d - 6 javelins
 A - 2 curare-tipped darts (quivered)
Armour
 b - a +2 leather armour (worn)
 j - a +0 buckler
 n - a +0 ring mail
 p - a +0 cloak
 u - a +0 plate armour
 v - a +0 chain mail
 y - a scarf of repulsion (worn)
 z - a +0 pair of gloves (worn)
Jewellery
 o - an amulet of the acrobat (around neck)
Wands
 f - a wand of paralysis (4)
 B - a wand of random effects (31)
Scrolls
 g - a scroll of fog
 h - 2 scrolls of magic mapping
 i - 2 scrolls of teleportation
 l - 2 scrolls of remove curse
 m - 2 scrolls of enchant armour
 r - 2 scrolls of amnesia {unknown}
 s - a scroll of immolation {unknown}
 t - a scroll of random uselessness {unknown}
 w - a scroll of fear {unknown}
Potions
 e - a potion of magic {unknown}
 k - a potion of mutation {unknown}
 q - a potion of curing
 x - a potion of flight {unknown}
Comestibles
 c - 12 rations


   Skills:
 + Level 7.1 Fighting
 + Level 7.1 Axes
 - Level 2.0 Armour
 - Level 1.0 Dodging
 - Level 4.0 Shields


You had 7 spell levels left.
You didn't know any spells.
Your spell library was empty.

Dungeon Overview and Level Annotations

Branches:
Dungeon (5/15)             Temple (0/1) D:4

Altars:
Cheibriados
Elyvilon
Hepliaklqana
Nemelex Xobeh
Okawaru
Ru
Yredelemnul

Shops:
D:4 *


Innate Abilities, Weirdness & Mutations

You have a pair of small antennae on your head.
You are partially covered in iridescent scales. (AC +2)
Scrolls take you a little longer to read.
Armour fits poorly on your strangely shaped body.
You are weak. (Str -2)


Message History

* * * LOW HITPOINT WARNING * * *
The killer bee stings you.
* * * LOW HITPOINT WARNING * * *
You are lethally poisoned!
The killer bee poisons you!
You feel better. The killer bee misses you. The killer bee stings you!
* * * LOW HITPOINT WARNING * * *
Evoke which item? (* to show all) (? for menu, Esc to quit)
Aiming: Paralyse
Press: ? - help, Shift-Dir - straight line, f/p - killer bee
Aim: a killer bee (almost dead, chance to defeat MR: 54%)
The killer bee resists with significant effort.
The killer bee stings you.
* * * LOW HITPOINT WARNING * * *
The killer bee stings you.
* * * LOW HITPOINT WARNING * * *
You feel better. The killer bee stings you.
* * * LOW HITPOINT WARNING * * *
The killer bee stings you!
You die...

#.).#..#..#..#
#####(.#..#..###
#......#..#.....
#..(...#..#....)
#..#####..#####.
#......#..#.....
#..)..[#..#.....
#####y.#..#.!###
#...@..#..#....[
#......#..#.....
#..#####..#####.
#......#..# ....
#......#..#.....
#####..#..#.Y###
#......#..#.....
#......#..#Y....
#..#####..#####.


You could see a killer bee.

Vanquished Creatures
  Pikel (D:4)
  Sigmund (D:3)
  A swamp drake (D:5)
  A sky beast (D:5)
  An orc warrior (D:5)
  An ogre (D:5)
  A bullfrog (D:4)
  A howler monkey (D:5)
  A crimson imp (D:5)
  A centaur skeleton (D:4)
  A worker ant (D:5)
  A gnoll (D:1)
  3 adders
  A shadow imp (D:5)
  4 worms
  3 dart slugs
  7 leopard geckos
  5 orcs
  6 bats
  6 giant cockroaches
  10 goblins
  6 hobgoblins
  8 jackals
  8 kobolds
  2 quokkas
  A ball python (D:1)
  3 frilled lizards
  A leopard gecko skeleton (D:5)
  4 rats
  A spectral orc (D:4)
  A plant (D:3)
92 creatures vanquished.

Vanquished Creatures (others)
  5 orcs (D:4)
  A giant cockroach (D:4)
6 creatures vanquished.

Grand Total: 98 creatures vanquished

Notes
Turn   | Place    | Note
-------+----------+-------------------------------------------
     0 | D:1      | grindst0ne the Human Chaos Knight began the quest for the
                  | Orb.
     0 | D:1      | Reached XP level 1. HP: 18/18 MP: 1/1
   209 | D:1      | Reached XP level 2. HP: 24/24 MP: 2/2
   282 | D:1      | Reached XP level 3. HP: 29/29 MP: 3/3
   319 | D:1      | XOM: divination: detect creatures
   657 | D:1      | XOM: swap monsters
   843 | D:1      | XOM: 2-stop teleportation journey
  1194 | D:2      | Reached XP level 4. HP: 27/37 MP: 4/4
  1309 | D:2      | XOM: butterfly on damage
  1591 | D:2      | Found a hazy altar of Hepliaklqana.
  1594 | D:2      | Found a white marble altar of Elyvilon.
  1594 | D:2      | Found a sparkling altar of Nemelex Xobeh.
  1602 | D:2      | Found a sacrificial altar of Ru.
  1605 | D:2      | Found a snail-covered altar of Cheibriados.
  2061 | D:2      | XOM: stat loss: -1 Int (12/13)
  2090 | D:2      | Found a sacrificial altar of Ru.
  2230 | D:3      | Reached XP level 5. HP: 41/42 MP: 5/5
  2352 | D:3      | XOM: give mutations
  2352 | D:3      | Gained mutation: You have a pair of small antennae on your
                  | head. [Xom's mischief]
  2352 | D:3      | Gained mutation: Scrolls take you a little longer to read.
                  | [Xom's mischief]
  2723 | D:3      | Noticed Sigmund
  2726 | D:3      | XOM: noise
  2728 | D:3      | XOM: give mutation
  2728 | D:3      | Gained mutation: You are weak. (Str -2) [Xom's mischief]
  2732 | D:3      | Killed Sigmund
  2732 | D:3      | Reached skill level 5 in Fighting
  2732 | D:3      | Reached skill level 5 in Axes
  2732 | D:3      | Reached XP level 6. HP: 51/51 MP: 6/6
  2926 | D:3      | XOM: 9-stop teleportation journey
  3086 | D:3      | XOM: give mutations
  3086 | D:3      | Gained mutation: Armour fits poorly on your strangely
                  | shaped body. [Xom's mischief]
  3086 | D:3      | Gained mutation: You are partially covered in iridescent
                  | scales. (AC +2) [Xom's mischief]
  3111 | D:4      | Found a staircase to the Ecumenical Temple.
  3154 | D:4      | Noticed a slave
  3155 | D:4      | Noticed Pikel
  3173 | D:4      | XOM: potion effect (stabbing)
  3175 | D:4      | Noticed a slave
  3177 | D:4      | Killed Pikel
  3177 | D:4      | Reached XP level 7. HP: 36/58 MP: 7/7
  3177 | D:4      | Reached XP level 8. HP: 40/64 MP: 8/8
  3259 | D:4      | Found Hoxoel's General Store.
  3259 | D:4      | XOM: 6-stop teleportation journey
  3645 | D:4      | XOM: 2-stop teleportation journey
  3831 | D:4      | Found a basalt altar of Yredelemnul.
  3881 | D:4      | Bought a scarf of repulsion for 132 gold pieces
  3881 | D:4      | Bought a scroll of identify for 22 gold pieces
  3881 | D:4      | Bought a +0 pair of gloves for 49 gold pieces
  3881 | D:4      | Bought a potion of curing for 33 gold pieces
  3881 | D:4      | Bought 4 curare-tipped darts for 26 gold pieces
  3985 | D:5      | Entered Level 5 of the Dungeon
  3993 | D:5      | Found an iron altar of Okawaru.
  4055 | D:5      | XOM: polymorph centaur -> swamp drake
  4060 | D:5      | XOM: potion effect (berserk rage)
  4073 | D:5      | XOM: confuse monster(s)
  4125 | D:5      | XOM: noise
  4137 | D:5      | XOM: butterfly on damage
  4144 | D:5      | XOM: confuse monster(s)
  4252 | D:5      | XOM: 1-stop teleportation journey
  4603 | D:5      | XOM: cast spell 'Cause Fear'
  4648 | D:5      | XOM: polymorph jelly -> killer bee
  4651 | D:5      | HP: 2/67 [killer bee (2)]
  4652 | D:5      | Slain by a killer bee

Illustrated notes

Levels and vault maps discovered:
D:1:      matt_arrival_refuge, layout_loops_ring,
          wander_ebering_terrifying_dragon_lair
D:2:      layout_rooms, minmay_overflow_temple_star_hex, amethyst_killhole,
          hangedman_ru_absence
D:3:      layout_basic, lexackson_kobold_supper, uniq_sigmund
D:4:      layout_loops_ring, yredelemnul_forgotten_temple_becter,
          minmay_temple_entry_trees, serial_shops, shop, first_ration,
          uniq_pikel
D:5:      kennysheep_windowed_halls, layout_loops_ring, okawaru_gym_becter,
          uniq_grinder

Skill      XL: |  1  2  3  4  5  6  7  8 |
---------------+-------------------------+-----
Axes           | 4 5 6 7 |  7.1
Fighting       | 4 5 6 7 |  7.1
Shields        | 2 4 |  4.0
Armour         | |  2.0
Dodging        | |  1.0

Action                   |  1- 3 |  4- 6 |  7- 9 || total
-------------------------+-------+-------+-------++-------
Melee: Hand axe          |    79 |   145 |   102 ||   326
Throw: Javelin           |       |     6 |       ||     6
       Dart              |       |       |     8 ||     8
Evoke: Wand              |       |       |     3 ||     3
  Use: Scroll            |     2 |       |     4 ||     6
       Potion            |       |     4 |     3 ||     7
 Stab: Paralysed         |     2 |       |       ||     2
  Eat: Chunk             |     1 |     6 |     4 ||    11
Armor: Leather armour    |    28 |    44 |    22 ||    94
       Skin              |       |     7 |     4 ||    11
Dodge: Dodged            |    43 |    83 |    52 ||   178
